 Dungeon Crawl Stone Soup version 0.18-a0-1683-gf9322e6 (webtiles) character file.

56 Kidiri the Firebug (level 3, -1/20 HPs)
             Began as a Deep Elf Fire Elementalist on Apr 3, 2016.
             Slain by a goblin (6 damage)
             ... led by Robin
             ... on level 2 of the Dungeon.
             The game lasted 00:04:49 (1967 turns).

Kidiri the Firebug (Deep Elf Fire Elementalist)     Turns: 1967, Time: 00:04:50

Health: -1/20      AC:  2    Str:  4 (5)  XL:     3   Next: 71%
Magic:  0/10       EV: 13    Int: 18 (20) God:
Gold:   94         SH:  0    Dex: 12 (15) Spells: 4 memorised, 0 levels left

rFire  . . .     SeeInvis .     l - +0 short sword (holy)
rCold  . . .     Gourm    .     a - +0 robe
rNeg   . . .     Faith    .     (no shield)
rPois  .         Spirit   .     (no helmet)
rElec  .         Dismiss  .     (no cloak)
rCorr  .         Reflect  .     (no gloves)
SustAt .         Harm     .     (no boots)
MR     .....                    (no amulet)
Stlth  ++........               (no ring)
                                (no ring)

@: not resistant to hostile enchantments, unstealthy
A: no striking features
a: no special abilities


You were on level 2 of the Dungeon.
You were hungry.

You visited 1 branch of the dungeon, and saw 2 of its levels.

You collected 94 gold pieces.

Inventory:

Hand Weapons
 l - a +0 short sword of holy wrath (weapon)
Armour
 a - a +0 robe (worn)
Scrolls
 g - a scroll of enchant weapon {unknown}
 n - 2 scrolls of remove curse
Potions
 d - a potion of invisibility {unknown}
 e - a potion of degeneration
 f - a potion of haste {unknown}
 h - a potion of might {unknown}
 i - a potion of ambrosia {unknown}
 j - 2 potions of flight {unknown}
 k - a potion of resistance {unknown}
 m - 2 potions of curing {unknown}
 p - 2 potions of agility {unknown}
Books
 b - a book of Flames

   Spells                             Type                      Level
   a - Flame Tongue                   Conjuration/Fire             1
   b - Throw Flame                    Conjuration/Fire             2
   c - Conjure Flame                  Conjuration/Fire             3
   d - Inner Flame                    Hexes/Fire                   3
   e - Sticky Flame                   Conjuration/Fire             4
   f - Fireball                       Conjuration/Fire             5
Comestibles
 c - a bread ration
 o - 6 fruits
 q - a chunk of flesh


   Skills:
 + Level 1.0 Fighting
 + Level 3.2 Dodging
 - Level 2.4 Stealth
 * Level 3.5 Spellcasting
 + Level 1.8 Conjurations
 + Level 0.3 Hexes
 + Level 3.7 Fire Magic


You couldn't memorise any spells.
You knew the following spells:

 Your Spells              Type           Power        Failure   Level  Hunger
a - Flame Tongue          Conj/Fire      ##...        6%          1    None
b - Throw Flame           Conj/Fire      ##....       10%         2    ##.....
c - Conjure Flame         Conj/Fire      ##......     17%         3    ###....
d - Inner Flame           Hex/Fire       ##......     24%         3    ###....


Dungeon Overview and Level Annotations

Branches:
Dungeon (2/15)

Altars:

Annotations:
D:2 Robin


Message History

You kill the goblin!
A hobgoblin comes into view. It is wielding a club.
Drink which item? (? for menu, Esc to quit)
It was a potion of degeneration.
There was something very wrong with that liquid.
You feel weakened.
You feel dopey.
You feel clumsy. Robin throws the goblin at you!
Items here: )) †† a dagger; a club; a goblin corpse x2
You hit the goblin.
The goblin is severely wounded.
The goblin hits you.
* * * LOW HITPOINT WARNING * * *
The goblin barely misses you.
Unknown command.
Read which item? (? for menu, Esc to quit)
As you read the scroll labeled AXIAVV ANWUNK, it crumbles to dust.
You feel blessed for a moment.
It was a scroll of remove curse.
The goblin hits you.
You die...

.. ..## # # ...
#.#...### ...#)#.
# .gg. .#####
#g#######......
#g@g...).......
#.#######...###.#
#.......(...#
#..####.....#
#.#..## #.....#
#.#...# #....##
#.##..###....###
#.##.............
#.##...........##


You could see Robin, a hobgoblin and 3 goblins.

Vanquished Creatures
  3 adders (D:2)
  A worm (D:1)
  A giant gecko (D:2)
  A giant cockroach (D:1)
  7 goblins
  A hobgoblin (D:1)
  6 kobolds
  A ball python (D:1)
  4 bats
  A giant newt (D:2)
  2 rats (D:1)
28 creatures vanquished.

Notes
Turn   | Place    | Note
--------------------------------------------------------------
     0 | D:1      | Kidiri the Deep Elf Fire Elementalist began the quest for the Orb.
     0 | D:1      | Reached XP level 1. HP: 10/10 MP: 6/6
   465 | D:1      | Reached XP level 2. HP: 14/16 MP: 1/8
   474 | D:1      | Learned a level 2 spell: Throw Flame
  1291 | D:2      | Reached XP level 3. HP: 20/20 MP: 6/10
  1296 | D:2      | Learned a level 3 spell: Conjure Flame
  1300 | D:2      | Learned a level 3 spell: Inner Flame
  1815 | D:2      | Reached skill level 1 in Fighting
  1956 | D:2      | Noticed Robin
  1967 | D:2      | Slain by a goblin

Vault maps used:
D:1:      scummos_arrival_forest, moated_statue, minmay_quantized
D:2:      uniq_iyjb, uniq_robin

Skill      XL: |  1  2  3 |
---------------+----------+-----
Dodging        | 3 |  3.2
Fighting       | 1 |  1.0
Stealth        | |  2.4
Spellcasting   | |  3.5
Conjurations   | |  1.8
Hexes          | |  0.3
Fire Magic     | |  3.7

Action                   || total
-------------------------++-------
Melee: Whip              ||     3
       Short sword       ||     2
 Cast: Flame Tongue      ||    33
       Throw Flame       ||    13
       Conjure Flame     ||     1
       Inner Flame       ||     1
  Use: Scroll            ||     1
       Potion            ||     1
  Eat: Chunk             ||     3
